 Dungeon Crawl Stone Soup version 0.29.0-4-gdea44cf6ec (webtiles) character file.

Game seed: 15200696160481241003

0 qw the Sneak (level 1, -5/14 HPs)
             Began as a Gargoyle Delver on Sept 10, 2022.
             Slain by a black bear (6 damage)
             ... on level 5 of the Dungeon.
             The game lasted 00:00:02 (20 turns).

qw the Sneak (Gargoyle Delver)                        Turns: 20, Time: 00:00:02

Health: -5/14      AC:  5    Str: 15    XL:     1   Next: 0%
Magic:  1/1        EV: 11    Int: 10    God:
Gold:   0          SH:  0    Dex: 11    Spells: 0/0 levels left

rFire   . . .      SeeInvis .   a - +0 hand axe
rCold   . . .      Faith    .   (no shield)
rNeg    + . .      Spirit   .   b - +0 leather armour
rPois   inf        Reflect  .   (no helmet)
rElec   +          Harm     .   (no cloak)
rCorr   .          Rampage  .   (no gloves)
Will    .....                   (no boots)
Stlth   +++.......              (no amulet)
HPRegen 0.04/turn               (no ring)
MPRegen 0.07/turn               (no ring)

@: no status effects
A: sickness immunity, AC +2, negative energy resistance 1, electricity
resistance, torment resistance 1, petrification resistance
a: no special abilities


You were on level 5 of the Dungeon.
You visited 1 branch of the dungeon, and saw 1 of its levels.


Innate Abilities, Weirdness & Mutations

You are immune to sickness and miasma.
Your stone body is resilient. (AC +2)
You are immune to poison.
You resist negative energy. (rN+)
You are resistant to electric shocks. (rElec)
You are resistant to unholy torment.
You are immune to petrification.


   Skills:
 - Level 3.2 Fighting
 + Level 1.7 Axes
 - Level 1.5 Dodging
 - Level 5.4 Stealth


You couldn't memorise any spells.
You didn't know any spells.
Your spell library was empty.

Inventory:

Hand Weapons
 a - a +0 hand axe (weapon)
Armour
 b - a +0 leather armour (worn)
Wands
 g - a wand of digging (3)
Scrolls
 c - a scroll of fog
 d - a scroll of magic mapping
 e - a scroll of fear
Potions
 f - a potion of haste

Dungeon Overview and Level Annotations

Branches:
Dungeon (5/15)
 Temple: D:4-7

Altars:


Message History

The black bear barely misses you. The black bear claws you.
The black bear barely misses you.
You barely miss the black bear. The black bear bites you.
The black bear closely misses you. The black bear claws you.
You hit the black bear.
The black bear is lightly wounded.
The black bear bites you but does no damage.
The black bear claws you.
The black bear claws you but does no damage.
The hound closely misses you.
You hit the black bear.
The black bear is moderately wounded.
You hit the hound.
A quokka comes into view.
The black bear completely misses you. The black bear claws you.
The black bear closely misses you. The hound closely misses you.
A hound comes into view.
The hound barks!
You hit the hound.
The hound is severely wounded.
You hit the black bear but do no damage.
The hound completely misses you.
The black bear bites you but does no damage.
The black bear closely misses you. The black bear barely misses you.
The hound barely misses you.
The black bear bites you but does no damage.
The black bear claws you but does no damage. x2
You closely miss the hound.
The hound is severely wounded.
You completely miss the black bear. The hound bites you but does no damage.
The hound barely misses you.
The black bear bites you but does no damage.
The black bear claws you.
The black bear claws you but does no damage.
You slash the hound!
You kill the hound!
You barely miss the black bear. The black bear bites you.
You die...

. . ....... ..#.
..... ....### ....
.......#..#
..........#####
.......>......#
........#####.#######
......#..............
..........h%@hr......
........#..#...##..#
........##.#.### #
........##$#.#
..........h..#
............#
#####.......# ......
o.....


You could see a black bear, a hound and a quokka.

Vanquished Creatures
  A hound (D:5)
1 creature vanquished.

Notes
Turn   | Place    | Note
-------+----------+-------------------------------------------
     0 | D:5      | qw the Gargoyle Delver began the quest for the Orb.
     0 | D:5      | Reached XP level 1. HP: 14/14 MP: 1/1
     0 | D:5      | 0 ||| qw: Version: 0.1-a-116-g5d60599
     0 | D:5      | 0 ||| qw: Game counter: 9327
     0 | D:5      | 0 ||| qw: Always use a shield: true
     0 | D:5      | 0 ||| qw: God list: Okawaru
     0 | D:5      | 0 ||| qw: Allow faded altars: false
     0 | D:5      | 0 ||| qw: Do Orc after D:15 true
     0 | D:5      | 0 ||| qw: Do second Lair branch before Depths: true
     0 | D:5      | 0 ||| qw: Lair rune preference: random
     0 | D:5      | 0 ||| qw: Plans: Normal
     0 | D:5      | 0 ||| PLANNING D:1-11
     2 | D:5      | Noticed a black bear
     3 | D:5      | Noticed a hound
     4 | D:5      | 4 ||| Stepping ~*~*~tactically~*~*~ (stealth).
     5 | D:5      | 5 ||| Stepping ~*~*~tactically~*~*~ (stealth).
     6 | D:5      | 6 ||| Stepping ~*~*~tactically~*~*~ (stealth).
    11 | D:5      | 11 ||| Stepping ~*~*~tactically~*~*~ (stealth).
    12 | D:5      | 12 ||| Stepping ~*~*~tactically~*~*~ (stealth).
    12 | D:5      | Noticed an orc wizard
    13 | D:5      | 13 ||| Stepping ~*~*~tactically~*~*~ (hiding).
    17 | D:5      | Noticed a hound
    19 | D:5      | HP: 1/14 [black bear (3)]
    20 | D:5      | Killed a hound
    20 | D:5      | Slain by a black bear

Levels and vault maps discovered:
D:5:      layout_rooms, kennysheep_generic_room_2

Action                   || total
-------------------------++-------
Melee: Hand axe          ||     7
Armor: Leather armour    ||     9
Dodge: Dodged            ||    12

Table legend:
 A = Non-vault XP
 B = Vault XP
 C = Vault XP percentage of total XP
 D = Non-vault monster count
 E = Vault monster count
 F = Vault count percentage of total count
                 A         B        C        D         E       F
            +---------+---------+-------+---------+---------+-------
      Total |      40 |       0 |   0.0 |       1 |       0 |   0.0
            +---------+---------+-------+---------+---------+-------
        D:5 |      40 |       0 |   0.0 |       1 |       0 |   0.0
            +---------+---------+-------+---------+---------+-------
